TOP OF THE 1ST |
Chicago Tula batting - Pitching for Mancelona Torch : RHP Cheh Hao
|
Pitching: RHP Cheh Hao
|
|
Batting: LHB Gerald Kaufman
|
0-0: Ball 1-0: Bunt missed! 1-1: Ball 2-1: Foul Ball, location: 2F 2-2: Fly out, F6 (Popup, 6MD)
|
Batting: SHB Alfredo González
|
0-0: Called Strike 0-1: Foul Ball, location: 2F 0-2: Fly out, F7 (Flyball, 7M)
|
Batting: RHB Tony Cantú
|
0-0: Foul Ball, location: 2F 0-1: Ball 1-1: Ball 2-1: Fly out, F9 (Flyball, 89M)
|
Top of the 1st over - 0 run(s), 0 hit(s), 0 error(s), 0 left on base; Chicago 0 - Mancelona 0 |
BOTTOM OF THE 1ST |
Mancelona Torch batting - Pitching for Chicago Tula : LHP Luis Arreola
|
Pitching: LHP Luis Arreola
|
|
Batting: RHB Ron Thomas
|
0-0: Foul Ball, location: 2F 0-1: Foul Ball, location: 2F 0-2: Foul Ball, location: 2F 0-2: Fly out, F9 (Flyball, 9M)
|
Batting: LHB José Hernández
|
0-0: Called Strike 0-1: Called Strike 0-2: Fly out, F7 (Popup, 78S)
|
Batting: RHB Ricardo Cardenas
|
0-0: Fly out, F9 (Popup, 34D)
|
Bottom of the 1st over - 0 run(s), 0 hit(s), 0 error(s), 0 left on base; Chicago 0 - Mancelona 0 |
TOP OF THE 2ND |
Chicago Tula batting - Pitching for Mancelona Torch : RHP Cheh Hao
|
Batting: RHB Lee Lockheart
|
0-0: Swinging Strike 0-1: Called Strike 0-2: Fly out, F8 (Flyball, 8RD)
|
Batting: RHB Rudko Hrnjak
|
0-0: Ground out U3 (Groundball, 3S)
|
Batting: RHB Ken Sandoval
|
0-0: Called Strike 0-1: Ball 1-1: Ball 2-1: Foul Ball, location: 2F 2-2: Ball 3-2: Base on Balls
|
Batting: RHB Paul Dawsey
|
0-0: Ball 1-0: Ball 2-0: Foul Ball, location: 2F 2-1: Ball 3-1: SINGLE (Groundball, 56D) Ken Sandoval to second
|
Batting: RHB Jorge Alfiche
|
0-0: Called Strike 0-1: Foul Ball, location: 2F 0-2: Ground out 6-3 (Groundball, 56)
|
Top of the 2nd over - 0 run(s), 1 hit(s), 0 error(s), 2 left on base; Chicago 0 - Mancelona 0 |
BOTTOM OF THE 2ND |
Mancelona Torch batting - Pitching for Chicago Tula : LHP Luis Arreola
|
Batting: RHB Juan Carlos Cruz
|
0-0: Ball 1-0: Ball 2-0: Called Strike 2-1: Foul Ball, location: 2F 2-2: Ball 3-2: Base on Balls
|
Batting: RHB Mike Hines
|
0-0: Called Strike 0-1: Swinging Strike 0-2: Ball 1-2: Strikes out swinging
|
Batting: RHB Juan Hernández
|
0-0: Grounds into double play, 6-4-3 (Groundball, 6)
|
Bottom of the 2nd over - 0 run(s), 0 hit(s), 0 error(s), 0 left on base; Chicago 0 - Mancelona 0 |
TOP OF THE 3RD |
Chicago Tula batting - Pitching for Mancelona Torch : RHP Cheh Hao
|
Batting: RHB Dave Yates
|
0-0: Called Strike 0-1: Bunt for hit - play at first, batter OUT! 1-3
|
Batting: LHB Gerald Kaufman
|
0-0: Called Strike 0-1: Ball 1-1: Called Strike 1-2: Strikes out swinging
|
Batting: SHB Alfredo González
|
0-0: Called Strike 0-1: Ball 1-1: Ball 2-1: SINGLE (Groundball, 34)
|
Batting: RHB Tony Cantú
|
0-0: Called Strike 0-1: Ball 1-1: Called Strike 1-2: Fielders Choice at 2nd, 5-4 (Groundball, 5)
|
Top of the 3rd over - 0 run(s), 1 hit(s), 0 error(s), 0 left on base; Chicago 0 - Mancelona 0 |
BOTTOM OF THE 3RD |
Mancelona Torch batting - Pitching for Chicago Tula : LHP Luis Arreola
|
Batting: LHB Jim Unknown
|
0-0: Ball 1-0: Ball 2-0: Ball 3-0: Base on Balls
|
Batting: RHB Bert Cook
|
0-0: Called Strike 0-1: Ball 1-1: Ball 2-1: Called Strike 2-2: Strikes out swinging
|
Batting: LHB Yataro Matsuura
|
0-0: Ball 1-0: Called Strike 1-1: Ball 2-1: Foul Ball, location: 2F 2-2: Ball 3-2: Strikes out swinging
|
Batting: RHB Ron Thomas
|
0-0: Called Strike 0-1: Ball 1-1: Ground out 6-3 (Groundball, 6)
|
Bottom of the 3rd over - 0 run(s), 0 hit(s), 0 error(s), 1 left on base; Chicago 0 - Mancelona 0 |
TOP OF THE 4TH |
Chicago Tula batting - Pitching for Mancelona Torch : RHP Cheh Hao
|
Batting: RHB Lee Lockheart
|
0-0: Ball 1-0: Foul Ball, location: 2F 1-1: Ball 2-1: Fly out, F7 (Flyball, 7M)
|
Batting: RHB Rudko Hrnjak
|
0-0: Foul Ball, location: 2F 0-1: Ball 1-1: SINGLE (Line Drive, 7S)
|
Batting: RHB Ken Sandoval
|
0-0: SINGLE (Groundball, 6) Rudko Hrnjak to second
|
Batting: RHB Paul Dawsey
|
0-0: Called Strike 0-1: Foul Ball, location: 2F 0-2: Grounds into double play, 6-4-3 (Groundball, 6M)
|
Top of the 4th over - 0 run(s), 2 hit(s), 0 error(s), 1 left on base; Chicago 0 - Mancelona 0 |
BOTTOM OF THE 4TH |
Mancelona Torch batting - Pitching for Chicago Tula : LHP Luis Arreola
|
Batting: LHB José Hernández
|
0-0: Ball 1-0: Called Strike 1-1: Ball 2-1: Ground out 4-3 (Groundball, 4S)
|
Batting: RHB Ricardo Cardenas
|
0-0: Ball 1-0: Swinging Strike 1-1: Ground out 6-3 (Groundball, 6)
|
Batting: RHB Juan Carlos Cruz
|
0-0: Called Strike 0-1: Called Strike 0-2: Fly out, F9 (Flyball, 9LM)
|
Bottom of the 4th over - 0 run(s), 0 hit(s), 0 error(s), 0 left on base; Chicago 0 - Mancelona 0 |
TOP OF THE 5TH |
Chicago Tula batting - Pitching for Mancelona Torch : RHP Cheh Hao
|
Batting: RHB Jorge Alfiche
|
0-0: Ball 1-0: Ball 2-0: Fly out, F8 (Flyball, 8LM)
|
Batting: RHB Dave Yates
|
0-0: Called Strike 0-1: Foul Ball, location: 2F 0-2: Strikes out swinging
|
Batting: LHB Gerald Kaufman
|
0-0: Called Strike 0-1: Ball 1-1: Ball 2-1: SINGLE (Groundball, 4MD)
|
Batting: SHB Alfredo González
|
0-0: Ball 1-0: Ball 2-0: Foul Ball, location: 2F 2-1: Fielders Choice at 2nd, U6 (Groundball, 6M)
|
Top of the 5th over - 0 run(s), 1 hit(s), 0 error(s), 1 left on base; Chicago 0 - Mancelona 0 |
BOTTOM OF THE 5TH |
Mancelona Torch batting - Pitching for Chicago Tula : LHP Luis Arreola
|
Batting: RHB Mike Hines
|
0-0: Ball 1-0: Ball 2-0: Ground out 4-3 (Groundball, 34)
|
Batting: RHB Juan Hernández
|
0-0: Fly out, F7 (Line Drive, 7M)
|
Batting: LHB Jim Unknown
|
0-0: Ball 1-0: Ball 2-0: Swinging Strike 2-1: Called Strike 2-2: Strikes out swinging
|
Bottom of the 5th over - 0 run(s), 0 hit(s), 0 error(s), 0 left on base; Chicago 0 - Mancelona 0 |
TOP OF THE 6TH |
Chicago Tula batting - Pitching for Mancelona Torch : RHP Cheh Hao
|
Batting: RHB Tony Cantú
|
0-0: Called Strike 0-1: Foul Ball, location: 2F 0-2: SINGLE (Line Drive, 56D)
|
Batting: RHB Lee Lockheart
|
0-0: Ball 1-0: Fly out, F9 (Line Drive, 9M)
|
Batting: RHB Rudko Hrnjak
|
0-0: SINGLE (Line Drive, 9LS) Tony Cantú to second Runner from 2nd tries for 3rd, SAFE, throw made to third
|
Batting: RHB Ken Sandoval
|
0-0: Ball 1-0: Fly out, F4 (Popup, 3D)
|
Batting: RHB Paul Dawsey
|
0-0: Ball 1-0: Foul Ball, location: 2F 1-1: Foul Ball, location: 2F 1-2: Hit by Pitch Rudko Hrnjak to second
|
Pitching: RHP Brian Scalabrine
|
|
Batting: RHB Jorge Alfiche
|
0-0: Swinging Strike 0-1: Ball 1-1: Foul Ball, location: 2F 1-2: Strikes out swinging
|
Top of the 6th over - 0 run(s), 2 hit(s), 0 error(s), 3 left on base; Chicago 0 - Mancelona 0 |
BOTTOM OF THE 6TH |
Mancelona Torch batting - Pitching for Chicago Tula : LHP Luis Arreola
|
Batting: RHB Bert Cook
|
0-0: Ball 1-0: Foul Ball, location: 2F 1-1: Ball 2-1: Ball 3-1: Base on Balls
|
Batting: LHB Yataro Matsuura
|
0-0: Bunted foul 0-1: Bunt missed! 0-2: Foul Ball, location: 2F 0-2: Ball 1-2: Fly out, F5 (Popup, 4M)
|
Batting: RHB Ron Thomas
|
0-0: Called Strike 0-1: Ball 1-1: Called Strike 1-2: Ball 2-2: Ball 3-2: Foul Ball, location: 2F 3-2: Base on Balls Bert Cook to second
|
Batting: LHB José Hernández
|
0-0: Ball 1-0: Ball 2-0: Ball 3-0: Called Strike 3-1: DOUBLE (Flyball, 78M) Bert Cook scores Ron Thomas to third
|
Batting: RHB Ricardo Cardenas
|
0-0: Ball 1-0: Swinging Strike 1-1: Ball 2-1: Ball 3-1: Called Strike 3-2: Strikes out swinging
|
Batting: RHB Juan Carlos Cruz
|
0-0: Ball 1-0: Called Strike 1-1: SINGLE (Groundball, 25) (infield hit) Ron Thomas scores José Hernández to third
|
Batting: RHB Mike Hines
|
0-0: Ball 1-0: Ball 2-0: SINGLE (Line Drive, 6MD) José Hernández scores Juan Carlos Cruz to second
|
Batting: RHB Juan Hernández
|
0-0: Swinging Strike 0-1: Ball 1-1: Ball 2-1: Fly out, F8 (Flyball, 8LM)
|
Bottom of the 6th over - 3 run(s), 3 hit(s), 0 error(s), 2 left on base; Chicago 0 - Mancelona 3 |
TOP OF THE 7TH |
Chicago Tula batting - Pitching for Mancelona Torch : RHP Brian Scalabrine
|
Batting: RHB Dave Yates
|
0-0: Ball 1-0: Ground out 5-3 (Groundball, 56S)
|
Batting: LHB Gerald Kaufman
|
0-0: Called Strike 0-1: Swinging Strike 0-2: Strikes out swinging
|
Batting: SHB Alfredo González
|
0-0: SINGLE (Line Drive, 34)
|
Batting: RHB Tony Cantú
|
0-0: Called Strike 0-1: Ball Wild Pitch! Alfredo González to second 1-1: SINGLE (Groundball, 56) Alfredo González to third Runner from 3rd tries for Home, SAFE, throw made home Tony Cantú to second
|
Batting: RHB Lee Lockheart
|
0-0: Foul Ball, location: 2F 0-1: Foul Ball, location: 2F 0-2: Ball 1-2: Foul Ball, location: 2F 1-2: Ball 2-2: Strikes out swinging
|
Top of the 7th over - 1 run(s), 2 hit(s), 0 error(s), 1 left on base; Chicago 1 - Mancelona 3 |
BOTTOM OF THE 7TH |
Mancelona Torch batting - Pitching for Chicago Tula : LHP Luis Arreola
|
Batting: LHB Jim Unknown
|
0-0: Ground out 6-3 (Groundball, 6M)
|
Batting: RHB Bert Cook
|
0-0: Ball 1-0: Foul Ball, location: 2F 1-1: Ground out 4-3 (Groundball, 4)
|
Batting: LHB Yataro Matsuura
|
0-0: Ball 1-0: Foul Ball, location: 2F 1-1: Ball 2-1: Ball 3-1: Base on Balls
|
Pitching: RHP Freddy Miranda
|
|
Batting: RHB Ron Thomas
|
0-0: Foul Ball, location: 2F 0-1: Ball 1-1: Fly out, F7 (Flyball, 78M)
|
Bottom of the 7th over - 0 run(s), 0 hit(s), 0 error(s), 1 left on base; Chicago 1 - Mancelona 3 |
TOP OF THE 8TH |
Chicago Tula batting - Pitching for Mancelona Torch : RHP Brian Scalabrine
|
Batting: RHB Rudko Hrnjak
|
0-0: Ball 1-0: Called Strike 1-1: Swinging Strike 1-2: Ball 2-2: Strikes out swinging
|
Batting: RHB Ken Sandoval
|
0-0: Swinging Strike 0-1: Foul Ball, location: 2F 0-2: Ball 1-2: Strikes out swinging
|
Batting: RHB Paul Dawsey
|
0-0: Ball 1-0: Ball 2-0: Ground out 6-3 (Groundball, 56)
|
Top of the 8th over - 0 run(s), 0 hit(s), 0 error(s), 0 left on base; Chicago 1 - Mancelona 3 |
BOTTOM OF THE 8TH |
Mancelona Torch batting - Pitching for Chicago Tula : RHP Freddy Miranda
|
Batting: LHB José Hernández
|
0-0: SINGLE (Groundball, 5D)
|
Batting: RHB Ricardo Cardenas
|
0-0: Foul Ball, location: 2F 0-1: Foul Ball, location: 2F 0-2: DOUBLE (Line Drive, 7LM) José Hernández to third
|
Pinch Hitting: RHB Henry Lambright
|
0-0: Intentional Walk
|
Batting: RHB Mike Hines
|
0-0: SINGLE (Groundball, 56D) José Hernández scores Ricardo Cardenas to third Henry Lambright to second
|
Pinch Hitting: LHB Iemitsu Hatsutori
|
0-0: Grounds into fielders choice 3-2 (Groundball, 23) Henry Lambright to third Mike Hines to second
|
Batting: LHB Jim Unknown
|
0-0: Ball 1-0: Ball 2-0: Ball 3-0: Called Strike 3-1: Foul Ball, location: 2F 3-2: Base on Balls Henry Lambright scores Mike Hines to third Iemitsu Hatsutori to second
|
Batting: RHB Bert Cook
|
0-0: Ball 1-0: Swinging Strike 1-1: Ball 2-1: Swinging Strike 2-2: SINGLE (Groundball, 5D) Mike Hines scores Iemitsu Hatsutori to third Jim Unknown to second Runner from 3rd tries for Home, SAFE, throw made home
|
Pitching: RHP Gilberto Landess
|
|
Batting: LHB Yataro Matsuura
|
0-0: Swinging Strike 0-1: Ball 1-1: Hit by Pitch Jim Unknown to third Bert Cook to second
|
Batting: RHB Ron Thomas
|
0-0: Foul Ball, location: 2F 0-1: Ball 1-1: Fly out, F9 (Flyball, 9M)
|
Batting: LHB José Hernández
|
0-0: Ball 1-0: Foul Ball, location: 2F 1-1: Foul Ball, location: 2F 1-2: Strikes out swinging
|
Bottom of the 8th over - 4 run(s), 4 hit(s), 0 error(s), 3 left on base; Chicago 1 - Mancelona 7 |
TOP OF THE 9TH |
Chicago Tula batting - Pitching for Mancelona Torch : RHP Brian Scalabrine
|
Now at SS: Mesa Altuve
|
|
Now in LF: Alex Vaske
|
|
Batting: RHB Jorge Alfiche
|
0-0: Hit by Pitch
|
Batting: RHB Dave Yates
|
0-0: Ball 1-0: Ball 2-0: Swinging Strike 2-1: Ball 3-1: Called Strike 3-2: Foul Ball, location: 2F 3-2: Foul Ball, location: 2F 3-2: Foul Ball, location: 2F 3-2: Foul Ball, location: 2F 3-2: Strikes out swinging
|
Batting: LHB Gerald Kaufman
|
0-0: Ball 1-0: Swinging Strike 1-1: Ball 2-1: Grounds into double play, 4-6-3 (Groundball, 4)
|
Top of the 9th over - 0 run(s), 0 hit(s), 0 error(s), 0 left on base; Chicago 1 - Mancelona 7 |
|